 Dungeon Crawl Stone Soup version 0.25.0-10-g039870ee82 (webtiles) character file.

Game seed: 6567640399027537738

81 Kold the Insei (level 4, 0/28 HPs)
             Began as an Octopode Transmuter on June 23, 2020.
             Slain by Grinder (2 damage)
             ... while paralysed by Grinder
             ... on level 3 of the Dungeon.
             The game lasted 00:04:38 (2538 turns).

Kold the Insei (Octopode Transmuter)                Turns: 2538, Time: 00:04:38

Health: 0/28       AC:  1    Str:  9    XL:     4   Next: 42%
Magic:  5/7        EV:  2    Int: 15    God:
Gold:   148        SH:  0    Dex: 13    Spells: 4/7 levels left

rFire    . . .     SeeInvis .     - Unarmed
rCold    . . .     Gourm    .   (no shield)
rNeg     . . .     Faith    .   (helmet restricted)
rPois    .         Spirit   .   (no amulet)
rElec    .         Reflect  .   (no ring)
rCorr    .         Harm     .   (no ring)
MR       .....                  (no ring)
Stlth    ++........             (no ring)
HPRegen  0.09/turn              (no ring)
MPRegen  0.10/turn              (no ring)
                                (no ring)
                                (no ring)

@: paralysed, very slightly contaminated
A: almost no armour, stealthy swim, amphibious, 8 rings, constrict 8, camouflage
1, gelatinous body 1
a: no special abilities


You were on level 3 of the Dungeon.
You were hungry.

You visited 1 branch of the dungeon, and saw 3 of its levels.

You collected 148 gold pieces.

Inventory:

Hand Weapons
 d - a +0 club
Missiles
 a - 55 arrows
Jewellery
 o - an uncursed ring of fire
 p - an uncursed ring of wizardry {unknown}
Wands
 b - a wand of flame (22)
Scrolls
 e - a scroll of fog {unknown}
 g - a scroll of enchant armour {unknown}
 h - 2 scrolls of amnesia {unknown}
 i - 4 scrolls of identify {unknown}
 j - 3 scrolls of remove curse {unknown}
 k - a scroll of random uselessness {unknown}
 m - 3 scrolls of teleportation {unknown}
 q - a scroll of enchant weapon {unknown}
Potions
 f - 2 potions of brilliance {unknown}
 l - a potion of ambrosia {unknown}
 n - a potion of flight {unknown}
 r - 3 potions of curing {unknown}
Comestibles
 c - 6 rations


   Skills:
 - Level 1.0 Fighting
 - Level 2.0 Dodging
 + Level 4.1 Unarmed Combat
 - Level 2.0 Spellcasting
 + Level 3.4 Transmutations


You had 4 spell levels left.
You knew the following spells:

 Your Spells              Type           Power        Failure   Level  Hunger
a - Beastly Appendage     Tmut           ##....       5%          1    #......
b - Sticks to Snakes      Tmut           ##......     9%          2    ###....

Your spell library contained the following spells:

 Spells                   Type           Power        Failure   Level  Hunger
 Spider Form              Tmut/Pois      #.........   32%         3    ###....
 Ice Form                 Ice/Tmut       #.......     73%         4    #####..
 Blade Hands              Tmut           ##........   83%         5    ######.


Dungeon Overview and Level Annotations

Branches:
Dungeon (3/15)

Altars:

Annotations:
D:3 Grinder


Innate Abilities, Weirdness & Mutations

You cannot wear most types of armour.
You are very stealthy in the water. (Stealth+)
You are amphibious.
You can wear up to eight rings at the same time.
You can use your tentacles to constrict eight enemies at once.
Your skin changes colour to match your surroundings (Stealth+).
Your rubbery body absorbs attacks. (AC +1, EV +1)


Message History

Found 18 stones.
Casting: Beastly Appendage (safe; 5% risk of failure)
Confirm with . or Enter, or press ? or * to list all spells.
You miscast Sticks to Snakes.
You are very lightly contaminated with residual magic.
Nothing appears to happen.
Grinder gestures at you.
You suddenly lose the ability to move!
Grinder gestures at you. You resist with significant effort. Grinder hits you!
You writhe in agony.
Grinder hits you. Grinder hits you.
* * * LOW HITPOINT WARNING * * *
You writhe in agony.
* * * LOW HITPOINT WARNING * * *
Grinder hits you.
* * * LOW HITPOINT WARNING * * *
You writhe in agony.
You die...

(.....#..#########.#..#........
#.............................
##.#.#.#5.....###.#..#<.......
#.#.#.##.#.# #.#..#........
#.#.#.##.#.###.####...#####
#>.!..5.<..............## #
#.########.#########....# #
................#..#.# #
.#####@#######.####.###
#......5# #.####..## #.......#
#......... (.......# #######.(.
#.......# #... #####.... ##..
##### ##. #. ..


You could see Grinder.

Vanquished Creatures
  3 leopard geckos
  3 orcs (D:2)
  2 ball pythons
  3 bats
  3 giant cockroaches
  5 hobgoblins
  4 jackals (D:2)
  A quokka (D:2)
  5 frilled lizards
  5 goblins
  7 kobolds
  9 rats
50 creatures vanquished.

Vanquished Creatures (collateral kills)
  Jessica (D:2)
  A hobgoblin (D:2)
2 creatures vanquished.

Grand Total: 52 creatures vanquished

Notes
Turn   | Place    | Note
-------+----------+-------------------------------------------
     0 | D:1      | Kold the Octopode Transmuter began the quest for the Orb.
     0 | D:1      | Reached XP level 1. HP: 13/13 MP: 3/3
   137 | D:1      | Reached XP level 2. HP: 17/18 MP: 5/5
  1222 | D:1      | Learned a level 2 spell: Sticks to Snakes
  1238 | D:1      | Reached XP level 3. HP: 23/23 MP: 6/6
  1413 | D:2      | Noticed Jessica
  1420 | D:2      | Killed Jessica
  1692 | D:2      | Reached XP level 4. HP: 28/28 MP: 7/7
  1720 | D:2      | Reached skill level 4 in Unarmed Combat
  2065 | D:3      | Noticed Grinder
  2532 | D:3      | Paralysed by Grinder for 7 turns
  2538 | D:3      | Slain by Grinder

Illustrated notes

Levels and vault maps discovered:
D:1:      dpeg_arrival_round_a, layout_basic
D:2:      layout_basic, uniq_jessica
D:3:      layout_basic, lemuel_doored_altar, serial_curves, eino_curves_01,
          eino_curves_01, uniq_grinder

Skill      XL: |  1  2  3  4 |
---------------+-------------+-----
Transmutations | 3 |  3.4
Unarmed Combat | 4 |  4.1
Fighting       | |  1.0
Dodging        | |  2.0
Spellcasting   | |  2.0

Action                   |  1- 3 |  4- 6 || total
-------------------------+-------+-------++-------
Melee: Unarmed           |    71 |    32 ||   103
       Constrict         |    21 |    14 ||    35
       Tentacles         |     7 |     8 ||    15
       Kick              |     4 |     3 ||     7
       Punch             |     1 |     1 ||     2
 Cast: Beastly Appendage |     6 |     2 ||     8
       Sticks to Snakes  |     2 |     5 ||     7
 Stab: Sleeping          |     7 |     2 ||     9
  Eat: Chunk             |     3 |     2 ||     5
Armor: Skin              |     9 |       ||     9
Dodge: Dodged            |    39 |    18 ||    57
